 Dungeon Crawl Stone Soup version 0.23.2-33-g5129a83184 (webtiles) character file.

Game seed: 16928617744888889353

9819 lepoulpe303 the Grappler (level 11, -4/111 HPs)
             Began as a Troll Monk on July 8, 2019.
             Was the Champion of Cheibriados.
             Slain by an eight-headed hydra (6 damage)
             ... on level 1 of the Lair of Beasts on July 9, 2019.
             The game lasted 00:49:42 (10108 turns).

lepoulpe303 the Grappler (Troll Monk)              Turns: 10108, Time: 00:49:42

Health: -4/111     AC:  9    Str: 41    XL:     11   Next: 28%
Magic:  0/16       EV: 15    Int: 21    God:    Cheibriados [******]
Gold:   395        SH:  0    Dex: 30    Spells: 10/10 levels left

rFire    + . .     SeeInvis .     - Unarmed
rCold    + . .     Gourm    +   (no shield)
rNeg     . . .     Faith    .   A - +2 robe {rC+ rF+} {rC+, rF+}
rPois    .         Spirit   +   (helmet restricted)
rElec    .         Reflect  .   x - +0 cloak
rCorr    .         Harm     .   (gloves unavailable)
MR       .....                  (boots unavailable)
Stlth    +++.......             G - amulet of guardian spirit {Spirit}
HPRegen  0.68/turn              F - +3 ring of dexterity
MPRegen  0.15/turn              l - +2 ring of strength

@: very slow
A: large, unfitting armour, claws 3, fast metabolism 3, gourmand, regeneration
1, shaggy fur 1, tough skin 3
a: Bend Time, Temporal Distortion, Slouch, Step From Time, Renounce Religion


You were on level 1 of the Lair of Beasts.
You worshipped Cheibriados.
Cheibriados was exalted by your worship.
You were full.

You visited 2 branches of the dungeon, and saw 11 of its levels.

You collected 899 gold pieces.
You spent 504 gold pieces at shops.

Inventory:

Missiles
 g - 7 tomahawks (quivered)
 v - 74 poisoned needles
 z - 2 javelins
 Q - 195 stones
Armour
 x - a +0 cloak (worn)
 A - a +2 robe of resistance (worn) {rC+, rF+}
Jewellery
 l - a +2 ring of strength (right claw)
 m - an uncursed ring of protection from magic
 E - an uncursed ring of stealth {Stlth+}
 F - a +3 ring of dexterity (left claw)
 G - an amulet of guardian spirit (around neck) {Spirit}
 I - an uncursed ring of protection from cold
 R - an uncursed amulet of regeneration
Wands
 k - a wand of flame (42)
 B - a wand of acid (4)
 C - a wand of disintegration (16)
Scrolls
 d - 3 scrolls of enchant armour {unknown}
 f - 2 scrolls of noise {unknown}
 i - 3 scrolls of identify
 j - 3 scrolls of amnesia
 p - a scroll of fear {unknown}
 r - 2 scrolls of fog {unknown}
 t - 9 scrolls of teleportation
 u - 3 scrolls of magic mapping {unknown}
 w - 4 scrolls of remove curse
 y - a scroll of silence {unknown}
 D - 2 scrolls of immolation {unknown}
 J - a scroll of summoning {unknown}
Potions
 a - a potion of cancellation {unknown}
 b - 4 potions of might
 c - 7 potions of curing
 h - 3 potions of haste
 n - a potion of invisibility {unknown}
 o - 2 potions of heal wounds {unknown}
 q - 2 potions of flight
 s - 3 potions of agility
 H - a potion of lignification {unknown}
Comestibles
 e - 32 rations


   Skills:
 * Level 8.0 Fighting
 + Level 5.5 Throwing
 + Level 5.7 Dodging
 - Level 1.0 Stealth
 * Level 9.6 Unarmed Combat
 * Level 8.0 Invocations


You had 10 spell levels left.
You didn't know any spells.
Your spell library contained the following spells:

 Spells                   Type           Power        Failure   Level  Hunger
 Summon Butterflies       Summ           #.......     19%         1    ##.....
 Call Canine Familiar     Summ           #.......     47%         3    ####...
 Summon Ice Beast         Ice/Summ       #.......     87%         4    #####..
 Summon Mana Viper        Hex/Summ       #.......     99%         5    ######.
 Summon Hydra             Summ           #.........   100%        7    #######


Dungeon Overview and Level Annotations

Branches:
Dungeon (10/15)            Temple (0/1) D:5            Lair (1/6) D:9
    Orc (0/2) D:9

Altars:
Cheibriados
Kikubaaqudgha
Ru
Trog
Wu Jian

Shops:
D:6 [   D:9 (?


Innate Abilities, Weirdness & Mutations

You are too large for most types of armour.
You have claws for hands.
Your metabolism is lightning-fast.
You like to eat raw meat.
Your natural rate of healing is unusually fast.
You are covered in fur. (AC +1)
You have extremely tough skin. (AC +3)


Message History

The eight-headed hydra bites you but does no damage. x2
The eight-headed hydra barely misses you.
The eight-headed hydra bites you but does no damage.
The eight-headed hydra bites you!
* * * LOW HITPOINT WARNING * * *
You take 19 damage, and have 17/111 hp.
You now have 1/16 mp.
Okay, then.
Okay, then.
Okay, then.
The eight-headed hydra bites you but does no damage.
The eight-headed hydra misses you. The eight-headed hydra bites you!
* * * LOW MAGIC WARNING * * *;
* * * LOW HITPOINT WARNING * * *
The eight-headed hydra closely misses you.
The eight-headed hydra bites you but does no damage.
The eight-headed hydra bites you.
* * * LOW HITPOINT WARNING * * *
The eight-headed hydra bites you.
* * * LOW HITPOINT WARNING * * *
The eight-headed hydra bites you.
You die...

#... ##... #.... #[...
##... ### ###....
##########.########..#...
..(.(....................
(....((D@.............[..
.........................
..........)..............
.........................
##..#######.#####........
### ### ##........
#......... ##.........
###......##.#


You could see an eight-headed hydra.

Levels and vault maps discovered:
D:1:      dpeg_arrival_court, layout_loops_ring, serial_bayou_lagoon_a
D:2:      layout_basic, tgw_xom, kennysheep_slug_shrine
D:3:      layout_basic, chequers_ecumenical_altar_island
D:4:      layout_rooms, serial_forest, infiniplex_forest_lined_3, first_ration,
          minmay_pentangle, uniq_edmund, uniq_sigmund, uniq_natasha,
          uniq_crazy_yiuf_cottage
D:5:      layout_basic, temple_doors_cd, uniq_grinder
D:6:      layout_basic, lemuel_coloured_pillars_altar, serial_shops,
          kennysheep_mini, minivault_22, minmay_strange_pillars
D:7:      layout_basic, basic_altar
D:8:      layout_basic, kiku_gazebo_garden_becter, minmay_joined_circles,
          uniq_joseph
D:9:      layout_long_grid, lemuel_doored_altar, marbit_many_paths,
          due_lair_maze_entry_diamond, david_orc_3, serial_shops,
          nicolae_shop_trees, shop, kennysheep_little_box, blue_anna_alchemist
          [blue_anna_fruit_fields, blue_anna_fruit_fields]
D:10:     layout_gridville
Lair:1:   layout_hall_layers

Notes
Turn   | Place    | Note
-------+----------+-------------------------------------------
     0 | D:1      | lepoulpe303 the Troll Monk began the quest for the Orb.
     0 | D:1      | Reached XP level 1. HP: 22/22 MP: 0/0
    48 | D:1      | Identified a +0 club
   188 | D:1      | Reached XP level 2. HP: 29/29 MP: 1/1
   352 | D:1      | Identified a +0 club
   527 | D:1      | Reached XP level 3. HP: 36/36 MP: 2/2
   531 | D:1      | Identified 3 scrolls of amnesia
   966 | D:2      | Identified a +0 club
   966 | D:2      | Identified a cursed -3 short sword
  1035 | D:2      | Found a snail-covered altar of Cheibriados.
  1047 | D:2      | Became a worshipper of Cheibriados the Contemplative
  1047 | D:2      | Reached * piety under Cheibriados
  1047 | D:2      | Reached ** piety under Cheibriados
  1099 | D:2      | Identified a +0 whip
  1137 | D:2      | Reached skill level 3 in Fighting
  1165 | D:2      | Identified a +0 whip
  1195 | D:2      | Identified a +0 hand axe
  1291 | D:2      | Reached skill level 1 in Throwing
  1496 | D:2      | Reached XP level 4. HP: 45/45 MP: 3/3
  1576 | D:2      | Identified a +0 club
  1585 | D:2      | Identified a +1 spear of chaos
  1593 | D:2      | Identified a +1 dagger of chaos
  1593 | D:2      | Identified a +1 dagger of chaos
  1807 | D:2      | Reached *** piety under Cheibriados
  1860 | D:2      | Identified a +0 club
  2055 | D:2      | Identified a +2 dagger of chaos
  2157 | D:3      | Identified a +0 club
  2212 | D:3      | Identified a +0 vampiric dagger
  2240 | D:3      | Identified a +0 club
  2275 | D:3      | Identified a +0 mace
  2275 | D:3      | Identified a +0 club
  2275 | D:3      | Identified a cursed +0 robe
  2276 | D:3      | Identified a +0 flail
  2276 | D:3      | Identified a +0 ring mail
  2277 | D:3      | Identified a +0 hand axe
  2277 | D:3      | Identified a +0 ring mail
  2278 | D:3      | Identified a +0 dagger
  2278 | D:3      | Identified a +0 leather armour
  2278 | D:3      | Identified a +0 dagger
  2283 | D:3      | Identified a +0 club
  2290 | D:3      | Identified a +0 club
  2296 | D:3      | Identified a +0 flail
  2296 | D:3      | Identified a cursed +0 scale mail
  2297 | D:3      | Identified a +0 club
  2299 | D:3      | Reached skill level 4 in Unarmed Combat
  2302 | D:3      | Reached skill level 1 in Invocations
  2307 | D:3      | Identified a cursed -2 club
  2350 | D:3      | Found a faded altar of an unknown god.
  2423 | D:3      | Reached XP level 5. HP: 53/53 MP: 4/4
  2504 | D:3      | Reached **** piety under Cheibriados
  2592 | D:3      | Identified a +0 flail
  2725 | D:4      | Identified a +0 ring mail
  2769 | D:4      | Identified a +1 scythe of venom
  2769 | D:4      | Identified a cursed +0 robe
  2769 | D:4      | Noticed Sigmund
  2790 | D:4      | Identified 3 scrolls of identify
  2790 | D:4      | Identified an amulet of rage (You found it on level 4 of
                  | the Dungeon)
  2791 | D:4      | Identified an amulet of guardian spirit (You found it on
                  | level 1 of the Dungeon)
  2794 | D:4      | Identified 3 scrolls of teleportation
  2798 | D:4      | Noticed Natasha
  2836 | D:4      | Noticed a phantom
  2846 | D:4      | Killed a phantom
  2846 | D:4      | Reached skill level 3 in Dodging
  3030 | D:4      | Identified a +2 flail of holy wrath
  3030 | D:4      | Identified a +0 scale mail
  3030 | D:4      | Noticed Edmund
  3195 | D:4      | Killed Natasha
  3195 | D:4      | Reached XP level 6. HP: 38/62 MP: 3/6
  3235 | D:4      | Noticed Natasha
  3240 | D:4      | Killed Natasha
  3240 | D:4      | Reached skill level 2 in Invocations
  3258 | D:4      | Found a runed translucent door.
  3259 | D:4      | Identified a +4 quarterstaff of chaos
  3259 | D:4      | Identified a +0 cloak
  3259 | D:4      | Noticed Crazy Yiuf
  3271 | D:4      | Killed Crazy Yiuf
  3326 | D:4      | Killed Sigmund
  3326 | D:4      | Reached skill level 4 in Fighting
  3480 | D:4      | Identified a ring of protection from cold (You found it on
                  | level 1 of the Dungeon)
  3481 | D:4      | Identified a ring of strength (You found it on level 1 of
                  | the Dungeon)
  3488 | D:4      | Killed Edmund
  3488 | D:4      | Reached skill level 2 in Throwing
  3488 | D:4      | Reached skill level 5 in Unarmed Combat
  3488 | D:4      | Reached XP level 7. HP: 64/70 MP: 5/8
  3532 | D:5      | Entered Level 5 of the Dungeon
  3589 | D:5      | Reached skill level 3 in Invocations
  3634 | D:5      | Identified a +0 shortbow
  3643 | D:5      | Identified a +0 spear
  3704 | D:5      | Identified a +0 whip
  3704 | D:5      | Identified a +0 leather armour
  3704 | D:5      | Identified a cursed +0 flail
  3704 | D:5      | Identified a +0 spear
  3705 | D:5      | Identified a +0 halberd
  3884 | D:5      | Identified a +0 short sword
  3884 | D:5      | Identified a +0 scale mail
  3884 | D:5      | Identified a +0 dagger
  3884 | D:5      | Identified a +0 robe
  3884 | D:5      | Identified a +0 dagger
  3884 | D:5      | Identified a +0 robe
  3894 | D:5      | Identified a +0 whip
  4073 | D:5      | Noticed Grinder
  4303 | D:5      | Found a staircase to the Ecumenical Temple.
  4311 | D:5      | Identified a +0 giant club
  4314 | D:5      | Reached XP level 8. HP: 79/79 MP: 9/9
  4467 | D:5      | Paralysed by Grinder for 2 turns
  4475 | D:5      | Killed Grinder
  4475 | D:5      | Reached skill level 5 in Fighting
  4475 | D:5      | Reached skill level 6 in Unarmed Combat
  4475 | D:5      | Reached skill level 4 in Invocations
  4580 | D:6      | Reached ***** piety under Cheibriados
  4587 | D:6      | Identified a +0 club
  4587 | D:6      | Identified a +0 leather armour
  4593 | D:6      | Identified a +1 halberd of venom
  4672 | D:6      | Identified a +1 trident of distortion
  4868 | D:6      | Reached skill level 3 in Throwing
  4920 | D:6      | Reached skill level 4 in Dodging
  5049 | D:6      | You fall through a shaft for 3 floors!
  5060 | D:9      | Identified a +0 flail
  5063 | D:9      | Identified a +0 dire flail of protection
  5063 | D:9      | Identified a +0 chain mail
  5140 | D:9      | Found Nougoab's Weapon Shop.
  5160 | D:8      | Found an ancient bone altar of Kikubaaqudgha.
  5213 | D:8      | Identified a +0 club
  5213 | D:8      | Identified a +0 ring mail
  5214 | D:8      | Identified a +0 hand axe
  5214 | D:8      | Identified a +0 robe
  5215 | D:8      | Identified a cursed -2 halberd
  5235 | D:8      | Reached XP level 9. HP: 88/88 MP: 11/11
  5253 | D:8      | Reached skill level 5 in Invocations
  5360 | D:8      | Identified 4 scrolls of remove curse
  5362 | D:8      | Identified a ring of protection from magic (You found it on
                  | level 6 of the Dungeon)
  5364 | D:8      | Identified a ring of teleportation (You found it on level 8
                  | of the Dungeon)
  5551 | D:7      | Identified a +0 shortbow
  5565 | D:7      | Reached skill level 7 in Unarmed Combat
  5608 | D:7      | Identified a +0 leather armour
  5611 | D:7      | Identified a +0 short sword
  5918 | D:7      | Reached skill level 6 in Fighting
  5960 | D:6      | Identified an amulet of regeneration (You found it on level
                  | 6 of the Dungeon)
  5961 | D:6      | Identified 3 potions of haste
  6084 | D:6      | Found Isegiyk's Armour Shop.
  6087 | D:6      | Bought a +2 robe of resistance for 414 gold pieces
  6282 | D:6      | Found a sacrificial altar of Ru.
  6479 | D:7      | Found a bloodstained altar of Trog.
  6893 | D:8      | Identified a +0 quarterstaff
  6893 | D:8      | Identified a +0 hunting sling
  6893 | D:8      | Identified a +0 leather armour
  6893 | D:8      | Noticed Joseph
  6951 | D:8      | Noticed a komodo dragon
  6951 | D:8      | Identified a +0 shortbow
  6961 | D:8      | Killed a komodo dragon
  6961 | D:8      | Reached skill level 4 in Throwing
  7395 | D:8      | Identified 2 potions of agility
  7404 | D:8      | Killed Joseph
  7404 | D:8      | Reached skill level 6 in Invocations
  7503 | D:9      | Reached skill level 8 in Unarmed Combat
  7503 | D:9      | Reached XP level 10. HP: 100/100 MP: 13/13
  7528 | D:9      | Identified a +0 dagger
  7528 | D:9      | Identified a +0 robe
  7584 | D:9      | Found a staircase to the Orcish Mines.
  7584 | D:9      | Identified a +0 dagger
  7592 | D:9      | Identified a +0 flail
  7592 | D:9      | Identified a +0 leather armour
  7594 | D:9      | Identified a +0 flail
  7594 | D:9      | Identified a +0 dagger
  7594 | D:9      | Identified a +0 ring mail
  7597 | D:9      | Identified a +0 leather armour
  7599 | D:9      | Identified a +0 whip
  7599 | D:9      | Identified a cursed +0 leather armour
  7607 | D:9      | Reached skill level 5 in Dodging
  7608 | D:9      | Reached ****** piety under Cheibriados
  7637 | D:9      | Identified a +0 short sword
  7654 | D:9      | Identified a +0 morningstar of freezing
  7711 | D:9      | Found a staircase to the Lair.
  7730 | D:9      | Reached skill level 7 in Fighting
  7731 | D:9      | Identified a +0 leather armour
  7757 | D:9      | Reached skill level 7 in Invocations
  7824 | D:9      | Found a bloodstained altar of Trog.
  7838 | D:9      | Found Guosump's General Store.
  7857 | D:9      | Found Ifepamov's Magic Scroll Shoppe.
  7867 | D:9      | Bought a scroll of teleportation for 45 gold pieces
  7867 | D:9      | Bought a scroll of teleportation for 45 gold pieces
  8020 | D:9      | Identified a +0 short sword
  8101 | D:9      | Found an ornate altar of the Wu Jian Council.
  8201 | D:9      | Identified 3 potions of degeneration
  8258 | D:10     | Entered Level 10 of the Dungeon
  8284 | D:10     | Reached skill level 5 in Throwing
  8301 | D:10     | Identified a +0 club
  8301 | D:10     | Identified a +2 mace of protection
  8303 | D:10     | Identified a +0 hand axe
  8314 | D:10     | Reached skill level 9 in Unarmed Combat
  8573 | D:10     | Identified a +0 dagger
  8573 | D:10     | Identified a +0 robe
  8573 | D:10     | Identified a +0 flail
  8573 | D:10     | Identified a cursed -2 dagger
  8573 | D:10     | Identified a +0 robe
  8575 | D:10     | Identified a +0 hand axe
  8575 | D:10     | Identified a +0 dagger
  8575 | D:10     | Identified a +0 robe
  8900 | D:10     | Reached XP level 11. HP: 97/110 MP: 13/15
  9023 | D:10     | Identified 2 potions of flight
  9099 | Lair:1   | Entered Level 1 of the Lair of Beasts
  9197 | Lair:1   | Identified a +0 hat (You found it on level 1 of the Lair of
                  | Beasts)
  9354 | Lair:1   | Noticed an eight-headed hydra
  9437 | Lair:1   | Identified a ring of stealth (You found it on level 1 of
                  | the Lair of Beasts)
  9462 | Lair:1   | Identified a ring of dexterity (You found it on level 1 of
                  | the Lair of Beasts)
  9532 | Lair:1   | Noticed a four-headed hydra
  9909 | Lair:1   | Killed a four-headed hydra
  9909 | Lair:1   | Reached skill level 8 in Fighting
  9909 | Lair:1   | Reached skill level 8 in Invocations
 10107 | Lair:1   | HP: 17/111 [eight-headed hydra (12)]
 10108 | Lair:1   | HP: 7/111 [eight-headed hydra (2)]
 10108 | Lair:1   | HP: 2/111 [eight-headed hydra (5)]
 10108 | Lair:1   | Slain by an eight-headed hydra

Table legend:
 A = Turns spent in this place as a percentage of turns spent in the entire game.
 B = Non-inter-level travel turns spent in this place as a percentage of non-inter-level travel turns spent in the entire game.
 C = Inter-level travel turns spent in this place as a percentage of turns spent in this place.
 D = Turns resting spent in this place as a percentage of non-inter-level travel turns spent in this place.
 E = Turns spent auto-exploring this place as a percentage of non-inter-level travel turns spent in this place.
 F = Non-inter-level travel turns spent in this place divided by the number of levels of this place that you've seen.
                   A       B       C       D       E      F
               +-------+-------+-------+-------+-------+----------------------
         Total | 100.0 | 100.0 |   5.5 |   8.2 |  67.2 | 868.6
       Dungeon |  90.0 |  90.5 |   4.9 |   7.7 |  66.6 | 865.2
          Lair |  10.0 |   9.5 |  10.5 |  12.6 |  72.4 | 903.0
               +-------+-------+-------+-------+-------+----------------------

Table legend:
 A = Kills in this place as a percentage of kills in entire the game.
 B = Kills by you in this place as a percentage of kills by you in the entire game.
 C = Kills by friends in this place as a percentage of kills by friends in the entire game.
 D = Other kills in this place as a percentage of other kills in the entire game.
 E = Experience gained in this place as a percentage of experience gained in the entire game.
 F = Experience gained in this place divided by the number of levels of this place that you have seen.
                   A       B       C       D       E      F
               +-------+-------+-------+-------+-------+----------------------
         Total | 100.0 | 100.0 |   N/A |   N/A | 100.0 | 1275.3
       Dungeon |  94.7 |  94.7 |   N/A |   N/A |  78.5 | 1100.9
          Lair |   5.3 |   5.3 |   N/A |   N/A |  21.5 | 3019.0
               +-------+-------+-------+-------+-------+----------------------

Skill      XL: |  1  2  3  4  5  6  7  8  9 10 11 |
---------------+----------------------------------+-----
Fighting       | 3 4 5 6 7 8 |  8.0
Throwing       | 1 2 3 4 5 |  5.5
Unarmed Combat | 4 5 6 8 9 |  9.6
Invocations    | 1 2 3 4 6 7 8 |  8.0
Dodging        | 3 4 5 |  5.7
Stealth        | |  1.0

Action                   |  1- 3 |  4- 6 |  7- 9 | 10-12 || total
-------------------------+-------+-------+-------+-------++-------
Melee: Unarmed           |    95 |   116 |   237 |   122 ||   570
       Punch             |       |     3 |     8 |    10 ||    21
Throw: Stone             |    53 |    32 |    10 |     6 ||   101
       Tomahawk          |       |       |    21 |   123 ||   144
       Javelin           |       |       |       |     4 ||     4
Invok: Bend Time         |       |     2 |     1 |       ||     3
       Slouch            |       |       |       |     1 ||     1
Evoke: Wand              |       |       |     6 |     3 ||     9
  Use: Scroll            |     1 |     3 |     6 |     2 ||    12
 Stab: Sleeping          |     1 |     2 |     6 |       ||     9
       Distracted        |       |       |     1 |       ||     1
  Eat: Chunk             |    18 |    12 |    34 |    17 ||    81
       Ration            |       |       |     1 |       ||     1
Armor: Robe              |    35 |    38 |   106 |    38 ||   217
Dodge: Dodged            |    52 |    58 |   226 |    91 ||   427

Vanquished Creatures
  A hydra (Lair:1)
  Joseph (D:8)
  A centaur zombie (D:10)
  A spiny frog (Lair:1)
  A komodo dragon (D:8)
  A troll (D:9)
  Grinder (D:5)
  A hornet (D:9)
  Sigmund (D:4)
  2 wyverns (D:10)
  14 yaks
  3 hungry ghosts
  Edmund (D:4)
  4 porcupines (D:9)
  An orc warrior (D:9)
  5 ice beasts
  2 sky beasts
  An ogre (D:5)
  2 necrophages
  A phantom (D:4)
  3 centaurs
  4 crocodiles (Lair:1)
  A big kobold (D:9)
  9 bullfrogs
  A wyvern skeleton (D:9)
  6 scorpions
  A wight (D:8)
  A howler monkey (D:8)
  2 crimson imps
  3 bullfrog zombies
  Crazy Yiuf (D:4)
  3 hounds
  2 jellies
  4 orc priests
  2 gnoll shamans
  2 iguanas
  5 worker ants
  Natasha (twice) (D:4)
  6 orc wizards
  A killer bee zombie (D:9)
  2 hound zombies (D:9)
  3 hound skeletons
  A worker ant zombie (D:10)
  7 gnolls
  10 adders
  2 shadow imps
  An ooze (D:1)
  An adder skeleton (D:5)
  5 dart slugs
  5 leopard geckos
  26 orcs
  6 giant cockroaches
  6 goblins
  9 hobgoblins
  16 jackals
  8 kobolds
  4 quokkas
  2 ball pythons
  2 ball python zombies (D:5)
  12 bats
  A frilled lizard (D:1)
  A jackal zombie (D:8)
  2 leopard gecko skeletons
  A quokka skeleton (D:8)
  9 rats
  A plant (D:1)
247 creatures vanquished.

Vanquished Creatures (others)
  18 fungi (D:9)
  4 plants (D:9)
22 creatures vanquished.

Grand Total: 269 creatures vanquished
